cohdb
Replays
Latest Replays
All Replays
Popular Replays
Top Player Replays
Match Explorer
How It Works
Community
CoH3 Stats
Reddit
Sign in to upload your games and track your stats! →
Sign in with Steam
Match 43692225
Unlisted
Match 43692225
Overview
Messages
Build Orders
End
Selects Italian Combined Arms Battlegroup
Selects Bersaglieri Squad
Bersaglieri Squad
Kradschützen Motorcycle Team
Bersaglieri Squad
Construct Light Support Kompanie
2.5-tonne Medical Truck
Bersaglieri Squad
Fire Support Elements
Selects Bersaglieri Bolster
Flakvierling Half-track
Panzerjäger Mechanized Group
Panzerjäger Squad
Selects Breda Model 30 Light Machine Guns
Victor
hogarthw
lulu082002
Dj_voz Will
Vox
Holydemonspawn
0
0
Comments
sign in to comment!
No comments posted yet!